 Dungeon Crawl Stone Soup version 0.31-a0-1074-g0b22e4e0f1 (webtiles) character file.

Game seed: 3801049530293604884

32 lunkers the Insei (level 3, -2/28 HPs)
             Began as a Meteoran Shapeshifter on Nov 30, 2023.
             Slain by Sigmund
             ... wielding a +0 scythe
              (5 damage)
             ... on level 2 of the Dungeon.
             The game lasted 00:01:28 (536 turns).

lunkers the Insei (Meteoran Shapeshifter)            Turns: 536, Time: 00:01:29

Health: -2/28      AC:  5    Str: 14 (15) XL:     3   Next: 67%
Magic:  4/4        EV: 10    Int: 11 (12) God:
Gold:   33         SH:  0    Dex: 13 (15) Spells: 2/2 levels left

rFire   . .          .
                       - Unarmed
rCold   . . .        h - +0 buckler
rNeg    . . .        g - +0 ring mail
rPois   .            (helmet currently unavailable)
rElec   .            (cloak currently unavailable)
rCorr   .            (gloves currently unavailable)
SInv    .            (boots currently unavailable)
Will    .....        e - amulet of regeneration Stlth
                     (no ring)
HPRegen 1.04/turn    (no ring)
MPRegen 0.09/turn

%: no passive effects
@: confused, beast-form, glowing
A: beast (slay +2), sense surroundings 1, otherworldly, glowing, explore regen
a: Begin Untransformation


You were on level 2 of the Dungeon.
You were a hulking beast.
You visited 1 branch of the dungeon, and saw 2 of its levels.

You collected 33 gold pieces.

Inventory:

Armour
 a - a +0 animal skin
 g - a +0 ring mail (worn)
 h - a +0 buckler (worn)
Jewellery
 e - an amulet of regeneration (around neck)
Talismans
 c - a beast talisman
 d - a flux talisman
Potions
 b - a potion of lignification
 i - a potion of mutation {unknown}


   Skills:
 - Level 1.1 Fighting
 - Level 2.1 Dodging
 * Level 4.7 Unarmed Combat
 + Level 4.1 Shapeshifting


You had 2 spell levels left.
You didn't know any spells.
Your spell library was empty.

Dungeon Overview and Level Annotations

Branches:
Dungeon (2/15) Zot: 667

Altars:

Shops:
D:1 !

Annotations:
D:2 Sigmund


Innate Abilities, Weirdness & Mutations

You are a hulking beast.
Your limbs bulge with bestial killing power. (Slay +2)
You passively map a small area around you.
You are easily found by Zot.
You glow in the dark.
You regain HP and MP as you explore.


Message History

You bump into the rock wall.
You hear some strange, mumbled words.
You are more confused.
You are too confused!
Something hits you!
* * * LOW HITPOINT WARNING * * *
Unknown command.
Okay, then.
You're too confused to attack without stumbling around!
You're too confused to attack without stumbling around!
You're too confused to attack without stumbling around!
You're too confused to attack without stumbling around!
You're too confused to attack without stumbling around!
You're too confused to attack without stumbling around!
You're too confused to attack without stumbling around!
You completely miss something. Something hits you.
* * * LOW HITPOINT WARNING * * *
You closely miss something.
You hear a zap.
A puff of flame appears from out of thin air!
The puff of flame hits you.
* * * LOW HITPOINT WARNING * * *
You miss something.
You hear a zap.
A puff of flame appears from out of thin air!
The puff of flame hits you.
* * * LOW HITPOINT WARNING * * *
You miss something. Something hits you.
* * * LOW HITPOINT WARNING * * *
You miss something. You hit something. Something hits you.
* * * LOW HITPOINT WARNING * * *
Unknown command.
Unknown command.
Unknown command.
It was a potion of degeneration.
There was something very wrong with that liquid.
You feel weakened.
You feel dopey.
You feel clumsy. Something hits you.
You die...

* * , * ### * *
, , ### #..,, ,
...#.# *
##.#.## ,
#.....####.##.
##.#..h{......
, ,
#.##.####.#..*
#.##.####... ,
*
####...........
, ,
#......#######.
* #......>.# **
#........# ,
#........# *, *
#......###


There were no monsters in sight!

Vanquished Creatures
  A gnoll (D:1)
  5 endoplasms (D:1)
  3 goblins
  A hobgoblin (D:1)
  A quokka (D:1)
  5 ball pythons (D:1)
  3 bats (D:1)
  A frilled lizard (D:1)
  4 kobolds (D:1)
24 creatures vanquished.

Notes
Turn   | Place    | Note
-------+----------+-------------------------------------------
     0 | D:1      | lunkers the Meteoran Shapeshifter began the quest for the
                  | Orb.
     0 | D:1      | Reached XP level 1. HP: 16/16 MP: 2/2
    71 | D:1      | Reached XP level 2. HP: 15/23 MP: 3/3
   226 | D:1      | Found Koef's Distillery.
   365 | D:1      | Reached XP level 3. HP: 28/28 MP: 4/4
   519 | D:2      | Noticed Sigmund
   536 | D:2      | Slain by Sigmund

Illustrated notes

Levels and vault maps discovered:
D:1:      minmay_arrival_split_and_join, layout_loops_cross, serial_shops,
          nicolae_shop_behind_doors, minmay_pentomino_v4
D:2:      layout_loops_cross, hellmonk_ecumenical_altar_lost_god, basic_altar,
          uniq_sigmund, uniq_jessica

Skill      XL: |  1  2 |
---------------+-------+-----
Unarmed Combat | 4 |  4.7
Shapeshifting  | 4 |  4.1
Fighting       | |  1.1
Dodging        | |  2.1

Action                     || total
---------------------------++-------
  Melee: Unarmed           ||    67
         Punch             ||     1
    Use: Potion            ||     1
 Armour: Animal skin       ||    27
         Ring mail         ||    12
  Dodge: Dodged            ||    34
  Block: Buckler           ||     2

Table legend: (Time is in decaauts)
 A = Elapsed time spent in this place.
 B = Non-inter-level travel time spent in this place.
 C = Inter-level travel time spent in this place.
 D = Time resting spent in this place.
 E = Time spent auto-exploring this place.
 F = Levels seen in this place.
 G = Mean time per level.
                   A        B        C        D        E       F      G
               +--------+--------+--------+--------+--------+-----+--------+
         Total |    531 |    531 |      0 |      0 |    353 |   2 |  265.5 |
       Dungeon |    531 |    531 |      0 |      0 |    353 |   2 |  265.5 |
               +--------+--------+--------+--------+--------+-----+--------+

Top non-repeatable levels by time:
     D:1: 477 daAuts
     D:2: 53 daAuts
